 Dungeon Crawl Stone Soup version 0.13-a0-1710-g777f831 (webtiles) character file.

133016 Engwar the Eclecticist (level 17, -4/108 HPs)
             Began as an Octopode Wizard on June 17, 2013.
             Was the Champion of Vehumet.
             Slain by an ettin zombie (16 damage)
             ... on Level 1 of the Vaults on June 21, 2013.
             The game lasted 05:33:02 (34983 turns).

Engwar the Eclecticist (Octopode Wizard)           Turns: 34983, Time: 05:33:02

HP  -4/108       AC  6     Str  7      XL: 17   Next: 34%
MP  29/48        EV 16     Int 29      God: Vehumet [******]
Gold 1484        SH 10     Dex 11      Spells: 14 memorised,  1 level left

Res.Fire  : + . .   See Invis. : +   a - staff of conjuration
Res.Cold  : + + .   Warding    : .   z - +0 elf buckler
Life Prot.: . . .   Conserve   : .   x - +2 cap {Int+3}
Res.Poison: +       Res.Corr.  : .   F - amulet of clarity
Res.Elec. : .       Clarity    : +   I - ring of see invisible
Sust.Abil.: . .     Spirit.Shd : .   l - +3 ring of protection
Res.Mut.  : .       Stasis     : .   c - ring of magical power
Res.Rott. : .       Flight     : .   y - ring of protection from cold
Saprovore : . . .                    p - ring of protection from cold
                                     e - ring of poison resistance
                                     O - ring of sustenance
                                     j - ring of protection from fire

@: somewhat resistant to hostile enchantments, quite stealthy
A: almost no armour, amphibious, 8 rings, constrict 8, camouflage 1, AC +1
a: Renounce Religion


You were on level 1 of the Vaults.
You worshipped Vehumet.
Vehumet was exalted by your worship.
You were not hungry.

You visited 5 branches of the dungeon, and saw 33 of its levels.
You also visited: Labyrinth and Ice Cave.

You collected 3011 gold pieces.
You spent 1547 gold pieces at shops.


Innate Abilities, Weirdness & Mutations

You cannot wear most types of armour.
You are amphibious.
You can wear up to eight rings at the same time.
You can use your tentacles to constrict many enemies at once.
Your skin changes colour to match your surroundings (Stlth).
Your rubbery body absorbs attacks (AC +1).


   Skills:
 - Level 10.0 Fighting
 - Level 1.5 Maces & Flails
 - Level 10.1 Dodging
 - Level 2.6 Stealth
 - Level 5.2 Shields
 - Level 6.0 Traps
 - Level 17.3 Spellcasting
 - Level 12.9 Conjurations
 + Level 9.2 Charms
   Level 2.0 Summonings
 - Level 2.5 Necromancy
 - Level 4.4 Translocations
 - Level 12.9 Fire Magic
 - Level 5.7 Air Magic
 - Level 4.3 Poison Magic
 - Level 2.1 Evocations


You had one spell level left.
You knew the following spells:

 Your Spells              Type           Power        Failure   Level  Hunger
a - Shroud of Golubria    Chrm/Tloc      ######....   1%          2    None
b - Blink                 Tloc           N/A          1%          2    None
d - Repel Missiles        Chrm/Air       ######....   1%          2    None
e - Apportation           Tloc           ######....   1%          1    None
f - Flight                Chrm/Air       ######....   1%          3    None
h - Haste                 Chrm           ######..     8%          6    ##.....
n - Sublimation of Blood  Necr           #####.....   1%          2    None
s - Swiftness             Chrm/Air       ######....   1%          2    None
u - Iskenderun's Battles  Conj/Chrm      #######.     1%          4    None
v - Bolt of Fire          Conj/Fire      ########..   1%          6    ##.....
y - Conjure Flame         Conj/Fire      ########     1%          3    None
z - Magic Dart            Conj           ####         0%          1    None
V - Fire Storm            Conj/Fire      ########..   98%         9    #######
X - Poisonous Cloud       Conj/Pois/Air  #######...   3%          6    ##.....

Inventory:

Hand weapons
 b - a +3,+5 whip of venom
 M - the +9,+9 Staff of Wucad Mu
   (You found it in a labyrinth)
Armour
 x - a +2 cap of intelligence (worn)
 z - a +0 elven buckler (worn)
Magical devices
 f - a wand of digging (10)
 m - a wand of cold (9)
 s - a wand of draining (6)
Comestibles
 n - 5 meat rations
 t - 3 bread rations
 H - 2 chunks of human flesh {@*1}
 K - 2 chokos
 N - an apricot
 R - 7 sultanas
Scrolls
 h - 3 scrolls of remove curse
 k - 2 scrolls of fog
 r - a scroll of magic mapping
 v - a scroll of amnesia
 A - 2 scrolls of teleportation
 C - 2 scrolls of silence
Jewellery
 c - a ring of magical power (on tentacle)
 e - a ring of poison resistance (on tentacle)
 g - the amulet "Tecsuron" {Inacc rF++ Dex-3 SInv}
   (You found it on level 5 of the Dungeon)

   [amulet of inaccuracy]

   It affects your dexterity (-3).
   It greatly protects you from fire.
   It enhances your eyesight.
 j - a ring of protection from fire (on tentacle)
 l - a +3 ring of protection (right tentacle)
 p - a ring of protection from cold (on tentacle)
 y - a ring of protection from cold (on tentacle)
 B - an uncursed ring of wizardry
 F - an amulet of clarity (around mantle)
 I - a ring of see invisible (left tentacle)
 O - a ring of sustenance (on tentacle)
Potions
 d - a potion of brilliance
 i - 3 potions of curing
 o - a potion of agility
 q - a potion of resistance
 w - a potion of magic
 G - 3 potions of heal wounds
 J - a potion of restore abilities
 L - 2 potions of speed
Magical staves
 a - an uncursed staff of conjuration (weapon)
Rods
 P - a +4 rod of destruction (13/13) {!a}
   (You found it in a labyrinth)

··
▒▒◼▒▒▒▒▒▒▒▒
▒·······*·▒
▒·········▒
▒·········◼
◼·········▒
▒··#·Zx···▒
▒·········▒
▒▒▒◼▒▒▒▒▒◼▒


You could see an ettin zombie.


Message History

Your battlesphere fires!
The barrage of energy hits the ettin zombie.
Aiming: Magic Dart
Aim: an ettin zombie The magic dart hits the ettin zombie.
Your battlesphere fires!
The barrage of energy hits the ettin zombie.
You block the ettin zombie's attack. The ettin zombie hits you!
Aiming: Magic Dart
Aim: an ettin zombie The magic dart hits the ettin zombie.
Your battlesphere fires!
The barrage of energy hits the ettin zombie.
The ettin zombie misses you. You block the ettin zombie's attack.
Aiming: Magic Dart
Aim: an ettin zombie The magic dart hits the ettin zombie.
Your battlesphere fires!
The barrage of energy hits the ettin zombie.
The ettin zombie hits you!
* * * LOW HITPOINT WARNING * * *
Aiming: Magic Dart
Aim: an ettin zombie The magic dart hits the ettin zombie.
Your battlesphere fires!
The barrage of energy hits the ettin zombie.
The ettin zombie hits you!
* * * LOW HITPOINT WARNING * * *
The ettin zombie hits you!
You die...

Action                   |  1- 3 |  4- 6 |  7- 9 | 10-12 | 13-15 | 16-18 || total
-------------------------+-------+-------+-------+-------+-------+-------++-------
Melee: Whip              |     7 |    37 |   135 |   303 |   535 |    51 ||  1068
       Short sword       |     1 |     4 |    46 |    16 |       |       ||    67
       Unarmed           |       |       |       |     2 |       |       ||     2
       Staff             |       |       |       |       |       |     9 ||     9
 Cast: Magic Dart        |    57 |   119 |   136 |   543 |   691 |   232 ||  1778
       Call Imp          |     4 |     9 |    23 |    17 |       |       ||    53
       Mephitic Cloud    |       |     7 |    21 |    53 |       |       ||    81
       Repel Missiles    |       |     1 |       |       |    16 |    11 ||    28
       Conjure Flame     |       |       |    12 |    40 |    26 |    14 ||    92
       Apportation       |       |       |     2 |       |    12 |       ||    14
       Iskenderun's Batt |       |       |       |   102 |   145 |    45 ||   292
       Blink             |       |       |       |    14 |    10 |       ||    24
       Sublimation of Bl |       |       |       |    32 |    94 |    24 ||   150
       Shroud of Golubri |       |       |       |     2 |    12 |     5 ||    19
       Bolt of Fire      |       |       |       |     9 |   133 |    62 ||   204
       Fireball          |       |       |       |     1 |       |       ||     1
       Swiftness         |       |       |       |       |    87 |    51 ||   138
       Poisonous Cloud   |       |       |       |       |    58 |    15 ||    73
       Haste             |       |       |       |       |     5 |     1 ||     6
       Flight            |       |       |       |       |     4 |     3 ||     7
Evoke: Wand              |       |     1 |       |    10 |     9 |     1 ||    21
  Use: Scroll            |     3 |    11 |     7 |    20 |    15 |     8 ||    64
       Potion            |     1 |       |     2 |     1 |     7 |     1 ||    12
 Stab: Confused          |       |     2 |     8 |     4 |       |       ||    14
       Sleeping          |       |       |     3 |     4 |     4 |       ||    11
       Distracted        |       |       |     1 |       |       |       ||     1
       Paralysed         |       |       |       |     1 |       |       ||     1

Vault maps used:
D:1:      dpeg_entry_rooms_c
D:2:      fiery_altar_vehumet, first_bread, fedhas_altar_3, uniq_jessica
D:3:      infiniplex_staircase_split_hallway, tgw_trog
D:4:      temple_hall
D:5:      overflow_temple_1_default, good_gods_temple_1,
          lasty_cornered_adventurer
D:6:      serial_shops, shop, basic_altar
D:7:      serial_teleporters_wizard_statue_spiral, uniq_joseph
D:8:      st_stairs_13, lemuel_centaur_altar, uniq_gastronok
D:9:      overflow_temple_1_default, serial_shops, shop, basic_altar
D:10:     serial_undead, serial_undead_a, serial_undead_a, serial_undead_c,
          serial_undead_d, serial_undead_d, serial_undead_e, cheibriados_altar_1
D:11:     david_orc_5, dpeg_oklobed_lair, grunt_pizzeria
D:12:     stair_cage_wide, st_stairs_6, mrwooster_statue_mirror,
          einodemon_rotting_minivault, uniq_nessos
D:14:     basic_altar
D:15:     minmay_misc_feat_rows, minmay_radiant
D:16:     lab_entry_generic, serial_bayou_lagoon_a,
          hangedman_abyss_or_decor_stagger, uniq_kirke, uniq_maud
D:17:     vaults_0_dummy, infiniplex_staircase_pillars_3a, minivault_10
D:18:     basic_altar, serial_shops, shop_fountains, shop, shop,
          grunt_decor_clamped, uniq_rupert
D:19:     grunt_twist_and_shout, erik_vaults_2, grunt_decor_arrowhead,
          serial_sigils, serial_sigils_hangedman_quiver,
          serial_sigils_hangedman_carve, serial_sigils_hangedman_scar,
          serial_sigils_hangedman_writhe, hex_tiny
Orc:2:    hangedman_feature_mirror, uniq_erica
Orc:3:    serial_shops, shop, portal_ice_cave_entry_imps
Orc:4:    st_orc_mages, trap_god_beogh, uniq_psyche
Elf:1:    eino_elf_arrival_shootout
Lair:1:   lemuel_oklob_altar
Lair:3:   swamp_mist_pool
Lair:6:   nicolae_spider_entry_orb_guardian
Lair:8:   due_jungle_book, nicolae_slime_entry_wandering_lumps
Vaults:1: v_misc_29, vaults_room_hallway, nicolae_vaults_branching_niches,
          ontoclasm_vaults_eye, nicolae_vaults_little_squares_6,
          vaults_mumra_chevron_long, vaults_room_semicircle,
          ontoclasm_vaults_twist, vaults_dpeg_cross
Lab:      labyrinth_mini_lab, labyrinth_hungry_ghost, nicolae_lab_plus,
          labyrinth_skeletal_remains
IceCv:    ice_cave_caverns_03

Notes
Turn   | Place    | Note
--------------------------------------------------------------
     0 | D:1      | Engwar, the Octopode Wizard, began the quest for the Orb.
     0 | D:1      | Reached XP level 1. HP: 9/9 MP: 5/5
   276 | D:1      | Reached skill level 2 in Conjurations
   276 | D:1      | Reached XP level 2. HP: 15/15 MP: 4/7
   299 | D:1      | Learned a level 2 spell: Blink
   302 | D:1      | Learned a level 2 spell: Call Imp
   305 | D:1      | Learned a level 2 spell: Repel Missiles
   773 | D:2      | Noticed Jessica
   779 | D:2      | Killed Jessica
   779 | D:2      | Reached skill level 3 in Conjurations
   779 | D:2      | Reached XP level 3. HP: 12/19 MP: 2/9
  1166 | D:2      | Found a blossoming altar of Fedhas.
  1196 | D:2      | Reached XP level 4. HP: 22/25 MP: 6/11
  1553 | D:2      | Found a radiant altar of Vehumet.
  1609 | D:2      | Learned a level 3 spell: Mephitic Cloud
  1636 | D:2      | Became a worshipper of Vehumet
  1699 | D:2      | Reached skill level 4 in Spellcasting
  1979 | D:3      | Reached XP level 5. HP: 18/29 MP: 7/14
  2217 | D:3      | Noticed a moth of wrath
  2220 | D:3      | Found a bloodstained altar of Trog.
  2471 | D:3      | Noticed a sky beast
  2543 | D:3      | Killed a sky beast
  2543 | D:3      | Reached skill level 5 in Spellcasting
  2543 | D:3      | Reached XP level 6. HP: 35/35 MP: 4/18
  2548 | D:3      | Learned a level 3 spell: Conjure Flame
  2551 | D:3      | Learned a level 2 spell: Shroud of Golubria
  2880 | D:4      | Acquired Vehumet's first power
  2880 | D:4      | Offered knowledge of Freeze by Vehumet.
  3028 | D:4      | Found a staircase to the Ecumenical Temple.
  3051 | D:4      | Reached skill level 2 in Summonings
  3078 | D:4      | Reached skill level 1 in Poison Magic
  3341 | D:4      | Reached skill level 2 in Air Magic
  3469 | D:4      | Reached skill level 1 in Fire Magic
  3469 | D:4      | Reached XP level 7. HP: 24/39 MP: 10/19
  3474 | D:4      | Reached skill level 1 in Charms
  3606 | D:5      | Entered Level 5 of the Dungeon
  3863 | D:5      | Found a glowing silver altar of Zin.
  3867 | D:5      | Found a glowing golden altar of the Shining One.
  3869 | D:5      | Found a white marble altar of Elyvilon.
  3943 | D:5      | Reached skill level 4 in Conjurations
  4186 | D:5      | Got a glittering ruby amulet
  4350 | D:5      | Reached skill level 5 in Conjurations
  4363 | D:5      | Learned a level 1 spell: Apportation
  4461 | D:5      | Found an ancient bone altar of Kikubaaqudgha.
  4508 | D:5      | Offered knowledge of Sting by Vehumet.
  4689 | D:5      | Reached XP level 8. HP: 38/45 MP: 15/21
  4773 | D:6      | Found Qyselit's Book Shop.
  4786 | D:6      | Reached skill level 6 in Spellcasting
  4845 | D:6      | Found a white marble altar of Elyvilon.
  5613 | D:7      | Reached skill level 6 in Conjurations
  6118 | D:7      | Noticed a wizard statue
  6180 | D:7      | Offered knowledge of Inner Flame by Vehumet.
  6180 | D:7      | Reached skill level 7 in Conjurations
  6553 | D:7      | Identified the amulet "Tecsuron" {Inacc rF++ Dex-3 SInv} (You found it on level 5 of the Dungeon)
  6575 | D:7      | Noticed Joseph
  6599 | D:7      | Killed Joseph
  6599 | D:7      | Reached skill level 8 in Conjurations
  6599 | D:7      | Reached XP level 9. HP: 49/49 MP: 18/22
  6609 | D:7      | Acquired Vehumet's second power
  6887 | D:7      | Reached skill level 2 in Translocations
  6962 | D:7      | Reached skill level 1 in Fighting
  7026 | D:7      | Reached skill level 2 in Fighting
  7188 | D:8      | Reached skill level 3 in Fighting
  7202 | D:8      | Noticed Gastronok
  7226 | D:8      | Paralysed by a giant eyeball for 2 turns
  7230 | D:8      | Paralysed by a giant eyeball for 3 turns
  7236 | D:8      | Paralysed by a giant eyeball for 2 turns
  7485 | D:8      | HP: 4/52 [hill giant skeleton (15)]
  7725 | D:7      | Upgraded the game from 0.13-a0-1638-g9943704 to 0.13-a0-1660-ga2b9f94
  7938 | D:8      | Killed Gastronok
  7938 | D:8      | Reached skill level 7 in Fighting
  7938 | D:8      | Reached XP level 10. HP: 58/63 MP: 18/24
  7962 | D:8      | Offered knowledge of Iskenderun's Battlesphere by Vehumet.
  7968 | D:8      | Learned a level 4 spell: Iskenderun's Battlesphere
  8215 | D:8      | Identified a scroll of acquirement
  8248 | D:8      | Found a glowing silver altar of Zin.
  8324 | D:8      | Noticed l0ser140's ghost (experienced LOBe)
  8612 | D:8      | Reached skill level 7 in Spellcasting
  8974 | D:9      | Found an ancient bone altar of Kikubaaqudgha.
  9062 | D:9      | Found Qaaqurcha's Book Shoppe.
  9218 | D:9      | Acquired Vehumet's third power
  9276 | D:9      | Offered knowledge of Venom Bolt by Vehumet.
  9515 | D:9      | Reached skill level 8 in Spellcasting
  9517 | D:9      | Reached skill level 3 in Dodging
  9642 | D:9      | Found a glowing golden altar of the Shining One.
  9685 | D:9      | Reached skill level 4 in Dodging
  9706 | D:10     | Entered Level 10 of the Dungeon
  9775 | D:10     | Noticed a hill giant
  9782 | D:10     | Killed a hill giant
  9782 | D:10     | Reached skill level 5 in Dodging
  9891 | D:10     | Reached skill level 6 in Dodging
  9904 | D:10     | Reached XP level 11. HP: 68/68 MP: 27/27
 10010 | D:10     | Reached skill level 7 in Dodging
 10044 | D:10     | Reached skill level 8 in Dodging
 10241 | D:10     | Noticed an unseen horror
 10246 | D:10     | Killed an unseen horror
 10282 | D:10     | Reached skill level 9 in Dodging
 10328 | D:10     | Offered knowledge of Bolt of Fire by Vehumet.
 10550 | D:10     | Learned a level 6 spell: Bolt of Fire
 10561 | D:10     | Learned a level 2 spell: Sublimation of Blood
 10610 | D:10     | Reached skill level 2 in Fire Magic
 10611 | D:10     | Upgraded the game from 0.13-a0-1660-ga2b9f94 to 0.13-a0-1672-g2e244fd
 10674 | D:10     | Found a snail-covered altar of Cheibriados.
 10700 | D:10     | Reached skill level 3 in Fire Magic
 10947 | D:11     | Reached skill level 4 in Fire Magic
 10990 | D:11     | Found a staircase to the Lair.
 11021 | Lair:1   | Entered Level 1 of the Lair of Beasts
 11071 | Lair:1   | Reached skill level 5 in Fire Magic
 11200 | Lair:1   | Reached skill level 6 in Fire Magic
 11472 | Lair:1   | Reached skill level 1 in Maces & Flails
 11959 | Lair:2   | Reached skill level 9 in Spellcasting
 11984 | Lair:2   | Identified the Almanac of Conjuration (You acquired it on level 2 of the Lair of Beasts)
 12357 | Lair:2   | Reached XP level 12. HP: 74/74 MP: 29/29
 12611 | Lair:3   | Noticed a seven-headed hydra
 12624 | Lair:3   | Killed a seven-headed hydra
 12624 | Lair:3   | Reached skill level 10 in Spellcasting
 12633 | Lair:3   | Learned a level 5 spell: Fireball
 12695 | Lair:3   | Reached skill level 1 in Traps
 12842 | Lair:3   | Reached skill level 2 in Traps
 12907 | Lair:3   | Found a staircase to the Swamp.
 13134 | Lair:3   | Reached skill level 3 in Traps
 13485 | Lair:3   | Reached skill level 4 in Traps
 13562 | Lair:4   | Offered knowledge of Freezing Cloud by Vehumet.
 13562 | Lair:4   | Reached skill level 5 in Traps
 13620 | Lair:4   | Reached skill level 6 in Traps
 13979 | Lair:4   | Reached skill level 10 in Dodging
 14593 | Lair:5   | Reached skill level 8 in Fighting
 15175 | Lair:6   | Reached skill level 9 in Fighting
 15190 | Lair:6   | Found a hole to the Spider Nest.
 15521 | Lair:6   | Noticed an eight-headed hydra
 15524 | Lair:6   | Killed an eight-headed hydra
 15697 | Lair:6   | Reached skill level 10 in Fighting
 15737 | Lair:6   | Reached skill level 1 in Evocations
 15761 | Lair:6   | Reached skill level 2 in Evocations
 15805 | Lair:6   | Reached skill level 1 in Necromancy
 15929 | Lair:6   | Reached skill level 2 in Necromancy
 16080 | Lair:7   | Reached skill level 7 in Fire Magic
 16582 | Lair:7   | Reached skill level 8 in Fire Magic
 16605 | Lair:7   | Reached skill level 9 in Conjurations
 16675 | Lair:7   | Reached XP level 13. HP: 83/83 MP: 21/31
 17069 | Lair:8   | Entered Level 8 of the Lair of Beasts
 17214 | Lair:8   | Reached skill level 10 in Conjurations
 17311 | Lair:8   | Offered knowledge of Poisonous Cloud by Vehumet.
 17531 | Lair:8   | Found a staircase to the Slime Pits.
 17840 | Lair:8   | Reached skill level 11 in Spellcasting
 17868 | Lair:8   | Learned a level 6 spell: Poisonous Cloud
 18110 | Lair:8   | Reached skill level 2 in Poison Magic
 18117 | Lair:8   | Reached skill level 3 in Poison Magic
 18124 | Lair:8   | Reached skill level 4 in Poison Magic
 18499 | Lair:8   | Reached skill level 3 in Air Magic
 18503 | Lair:8   | Reached skill level 4 in Air Magic
 18590 | Lair:8   | Noticed an anaconda
 18597 | Lair:8   | Killed an anaconda
 18651 | Lair:8   | Noticed a dire elephant
 18651 | Lair:8   | Noticed a dire elephant
 18665 | Lair:8   | Killed a dire elephant
 18665 | Lair:8   | Reached skill level 5 in Air Magic
 18757 | Lair:8   | Noticed a dire elephant
 18772 | Lair:8   | Noticed a dire elephant
 18778 | Lair:8   | Killed a dire elephant
 18836 | Lair:8   | Noticed a dire elephant
 18843 | Lair:8   | Killed a dire elephant
 18843 | Lair:8   | Reached skill level 11 in Conjurations
 18849 | Lair:8   | Noticed a dire elephant
 19024 | Lair:1   | Found an iron altar of Okawaru.
 19596 | D:11     | Found a staircase to the Orcish Mines.
 19596 | D:11     | Found a roughly hewn altar of Beogh.
 19697 | D:11     | Noticed a six-headed hydra
 19699 | D:11     | Killed a six-headed hydra
 19775 | D:11     | Reached skill level 12 in Conjurations
 19867 | D:11     | Noticed a hill giant
 19874 | D:11     | Killed a hill giant
 20230 | D:6      | Bought a book of Enchantments for 550 gold pieces
 20230 | D:6      | Bought a book of Air for 385 gold pieces
 20235 | D:6      | Learned a level 2 spell: Swiftness
 20239 | D:6      | Learned a level 3 spell: Flight
 20664 | D:12     | Offered knowledge of Bolt of Magma by Vehumet.
 21091 | D:12     | Reached skill level 12 in Spellcasting
 21091 | D:12     | Reached XP level 14. HP: 84/90 MP: 25/33
 21180 | D:12     | Reached XP level 13. HP: 83/83 MP: 32/32
 21230 | D:12     | Noticed Nessos
 21245 | D:12     | Paralysed by Nessos for 3 turns
 21251 | D:12     | Killed Nessos
 21550 | D:13     | Upgraded the game from 0.13-a0-1672-g2e244fd to 0.13-a0-1693-g8ac13c1
 21730 | D:13     | Reached skill level 13 in Spellcasting
 21757 | D:13     | Reached XP level 14. HP: 87/90 MP: 17/34
 22348 | D:14     | Entered Level 14 of the Dungeon
 22393 | D:14     | Learned a level 6 spell: Haste
 22414 | D:14     | Reached skill level 2 in Charms
 22474 | D:14     | Reached skill level 3 in Charms
 22612 | D:14     | Offered knowledge of Conjure Ball Lightning by Vehumet.
 22657 | D:14     | Found a shattered altar of Ashenzari.
 22665 | D:14     | Reached skill level 4 in Charms
 22762 | D:14     | Reached skill level 5 in Charms
 23036 | D:14     | Reached skill level 6 in Charms
 23298 | D:14     | Reached skill level 7 in Charms
 23324 | D:14     | Got a shimmering sabre
 23332 | D:14     | Identified the sabre of Nakatu {flame, +Blink} (You found it on level 14 of the Dungeon)
 23519 | D:15     | Entered Level 15 of the Dungeon
 23754 | D:15     | Reached skill level 8 in Charms
 23784 | D:15     | Noticed a shadow dragon
 23974 | D:15     | Killed a shadow dragon
 23974 | D:15     | Reached skill level 9 in Charms
 24374 | D:15     | Reached skill level 3 in Translocations
 24418 | D:15     | Offered knowledge of Bolt of Cold by Vehumet.
 24517 | D:15     | Reached skill level 4 in Translocations
 24519 | D:15     | Reached skill level 14 in Spellcasting
 24576 | D:15     | Noticed a shadow dragon
 24844 | Orc:1    | Entered Level 1 of the Orcish Mines
 25486 | Orc:2    | Found a roughly hewn altar of Beogh.
 25634 | Orc:2    | Noticed Erica
 25643 | Orc:2    | Killed Erica
 25860 | Orc:2    | Found an iron altar of Okawaru.
 26056 | Orc:3    | Offered knowledge of Iron Shot by Vehumet.
 26197 | Orc:3    | Found a frozen archway.
 26281 | IceCv    | Entered an ice cave
 26475 | IceCv    | Reached skill level 15 in Spellcasting
 26523 | IceCv    | Reached XP level 15. HP: 71/95 MP: 36/36
 26946 | IceCv    | Noticed a frost giant
 26956 | IceCv    | Killed a frost giant
 26957 | IceCv    | Reached skill level 16 in Spellcasting
 27190 | Orc:3    | Found Moedeh's General Store.
 27212 | Orc:3    | Bought an uncursed ring of poison resistance for 280 gold pieces
 27402 | Orc:4    | Entered Level 4 of the Orcish Mines
 27539 | Orc:4    | Found a staircase to the Elven Halls.
 27549 | Orc:4    | Noticed kroupouk's ghost (powerful MiWn)
 27559 | Orc:4    | Killed kroupouk's ghost
 27683 | Elf:1    | Entered Level 1 of the Elven Halls
 27720 | Elf:1    | Offered knowledge of Fire Storm by Vehumet.
 27720 | Elf:1    | Offered knowledge of Chain Lightning by Vehumet.
 27720 | Elf:1    | Offered knowledge of Tornado by Vehumet.
 27809 | Orc:4    | Reached skill level 1 in Shields
 27810 | Orc:4    | Reached skill level 2 in Shields
 28040 | Orc:4    | Found Ghicoi's Antique Weapon Shop.
 28040 | Orc:4    | Found Ydeanedo's Distillery.
 28094 | Orc:4    | Reached skill level 3 in Shields
 28097 | Orc:4    | Found Ynelaes' Weapon Boutique.
 28116 | Orc:4    | Found Strauji's General Store.
 28192 | Orc:4    | Reached skill level 4 in Shields
 28703 | Orc:4    | Bought a scroll of identify for 30 gold pieces
 28709 | Orc:4    | Bought a potion of heal wounds for 51 gold pieces
 28988 | Orc:4    | Noticed Psyche
 28994 | Orc:4    | Killed Psyche
 29018 | Orc:4    | Found a roughly hewn altar of Beogh.
 29224 | Orc:4    | Reached skill level 5 in Shields
 29615 | Orc:3    | Bought a scroll of blinking for 77 gold pieces
 29615 | Orc:3    | Bought a scroll of teleportation for 42 gold pieces
 30050 | D:15     | Killed a shadow dragon
 30430 | D:16     | Noticed Maud
 30455 | D:16     | Killed Maud
 30455 | D:16     | Reached skill level 17 in Spellcasting
 30455 | D:16     | Reached XP level 16. HP: 47/102 MP: 14/38
 30488 | D:16     | Learned a level 9 spell: Fire Storm
 30593 | D:16     | Found a labyrinth entrance.
 30605 | Lab      | Entered a labyrinth
 30939 | Lab      | Identified a +4 rod of destruction (13/13) (You found it in a labyrinth)
 31860 | D:16     | Reached skill level 9 in Fire Magic
 31868 | D:16     | Noticed Kirke
 31872 | D:16     | Killed Kirke
 32016 | D:17     | Found a staircase to the Vaults.
 32467 | D:17     | Reached skill level 10 in Fire Magic
 33196 | D:18     | Reached skill level 11 in Fire Magic
 33218 | D:18     | Upgraded the game from 0.13-a0-1693-g8ac13c1 to 0.13-a0-1710-g777f831
 33522 | D:18     | Reached skill level 12 in Fire Magic
 33586 | D:18     | Found a shattered altar of Ashenzari.
 33891 | D:18     | Reached XP level 17. HP: 68/108 MP: 34/39
 33910 | D:18     | Found Shaibic's Food Shoppe.
 33978 | D:18     | Found Esaa's Antique Armour Boutique.
 34000 | D:18     | Found Egowam's Distillery.
 34005 | D:18     | Noticed Rupert
 34012 | D:18     | Paralysed by Rupert for 7 turns
 34380 | D:17     | the staircase to the Vaults was a mimic.
 34441 | D:18     | Bought a potion of poison for 12 gold pieces
 34441 | D:18     | Bought a potion of heal wounds for 36 gold pieces
 34443 | D:18     | Bought a potion of magic for 84 gold pieces
 34866 | D:19     | Found a staircase to the Vaults.
 34973 | Vaults:1 | Entered Level 1 of the Vaults
 34983 | Vaults:1 | Slain by an ettin zombie

Vanquished Creatures
  2 shadow dragons (D:15)
  Kirke (D:16)
  A frost giant (IceCv)
  Maud (D:16)
  Gastronok (D:8)
  3 dire elephants (Lair:8)
  8 vault guards (D:19)
  A minotaur (Lab)
  The ghost of kroupouk the Brawler, a powerful MiWn of Trog (Orc:4)
  Erica (Orc:2)
  7 hydras
  A ravenous feature mimic (D:17)
  An ogre mage (D:15)
  An anaconda (Lair:8)
  Nessos (D:12)
  8 centaur warriors
  A stone giant zombie (D:18)
  4 death yaks (IceCv)
  A wolf spider zombie (D:18)
  6 orc high priests (Orc:4)
  A sphinx skeleton (D:17)
  2 stone giant skeletons
  A deep elf knight (Elf:1)
  A wizard (D:15)
  A redback zombie (D:18)
  6 unseen horrors
  An ice statue (IceCv)
  A giant amoeba (D:18)
  Joseph (D:7)
  6 orc knights
  10 hill giants
  3 orc sorcerers
  9 cyclopes
  A trapdoor spider zombie (D:14)
  An eye of devastation (D:18)
  An elephant slug (Lair:2)
  2 orange demons (Orc:4)
  31 slime creatures
  An item mimic (Orc:2)
  A dragon skeleton (D:18)
  4 black mambas
  8 elephants
  An ettin skeleton (D:18)
  5 spiny frogs
  A draconian (shapeshifter) (D:17)
  3 hill giant zombies
  Psyche (Orc:4)
  10 ugly things (D:18)
  4 hill giant skeletons
  12 trolls
  A spriggan (D:11)
  18 polar bears (IceCv)
  4 komodo dragons
  5 two-headed ogres
  4 basilisks
  8 blink frogs
  4 shadows
  A wraith (D:13)
  An orb spider (Lair:6)
  5 hogs (D:16)
  5 wyverns
  A vampire (D:18)
  A fire drake (Lair:7)
  89 yaks
  A chaos spawn (Orc:4)
  A ynoxinul (Orc:4)
  2 sharks (Lair:3)
  A trapdoor spider (D:17)
  2 hungry ghosts
  A soldier ant (D:12)
  A deep elf fighter (Elf:1)
  14 hippogriffs
  A rock worm (D:16)
  A boulder beetle (D:18)
  10 vampire mosquitoes
  4 war dogs
  A hill giant simulacrum (D:16)
  8 necrophages
  A manticore zombie (D:10)
  2 cyclops zombies (D:13)
  3 ice beasts
  2 deep elf priests (Elf:1)
  A giant goldfish (Lair:1)
  A yaktaur skeleton (D:18)
  22 ogres
  A troll zombie (D:15)
  3 manticore skeletons
  A rock worm zombie (D:11)
  A hippogriff zombie (D:12)
  6 sky beasts
  3 phantoms
  17 centaurs
  2 yak zombies
  2 rotting devils (D:12)
  37 orc warriors
  A boring beetle (Lair:3)
  10 crocodiles
  A yak skeleton (D:15)
  6 giant slugs
  18 wolves (IceCv)
  10 giant frogs
  6 wargs
  4 big kobolds
  A giant frog zombie (D:13)
  A brain worm (Lair:6)
  2 deep elf magi
  14 water moccasins
  8 agate snails
  A giant frog skeleton (D:13)
  11 killer bees
  13 wights
  A mottled dragon zombie (D:14)
  An electric eel (D:16)
  11 crimson imps
  3 goliath beetles
  A big kobold skeleton (D:7)
  2 big fish
  37 orc priests
  11 hounds
  10 worker ants
  7 iguanas
  39 orc wizards
  A hound skeleton (D:6)
  3 deep elf soldiers (Elf:1)
  3 scorpions
  10 porcupines
  20 sheep
  2 worker ant zombies
  Jessica (D:2)
  7 jellies
  5 mummies
  5 boggarts (D:17)
  25 adders
  An adder zombie (D:8)
  A giant centipede (Lair:6)
  A giant centipede zombie (D:15)
  4 gnolls (D:10)
  40 green rats
  2 iguana skeletons
  A giant mite (Lair:7)
  12 white imps (Orc:3)
  3 worms
  4 ufetubi (Orc:4)
  A giant eyeball (D:8)
  8 giant geckos
  2 oozes
  197 orcs
  16 bats
  3 giant cockroaches
  17 goblins
  15 hobgoblins
  19 jackals
  35 kobolds
  8 quokkas
  10 giant newts
  3 giant spores
  3 jackal zombies
  21 rats
  A rat zombie (D:5)
  8 ballistomycetes
  9 plants
1238 creatures vanquished.

Vanquished Creatures (collateral kills)
  A phantom (D:7)
  An ogre (D:5)
  A crimson imp (D:5)
  2 hounds
  An adder (D:2)
  An adder skeleton (D:4)
  2 orcs
  A giant cockroach (D:4)
  A goblin (D:4)
11 creatures vanquished.

Vanquished Creatures (others)
  A centaur (D:16)
  A water moccasin (Lair:7)
  A giant frog (Lair:7)
  2 killer bees (D:14)
  5 crimson imps (D:8)
  A hound (Lair:3)
  An iguana (Lair:5)
  An orc wizard (Orc:2)
  A porcupine (Lair:3)
  A mummy (D:9)
  An adder (Lair:8)
  7 white imps
  4 shadow imps (D:8)
  4 orcs (D:19)
  A jackal (D:2)
  A kobold (D:8)
  A giant spore (D:16)
  A goblin (D:2)
  15 fungi
  A plant (D:16)
  A toadstool (D:5)
52 creatures vanquished.

Grand Total: 1301 creatures vanquished
